 Dungeon Crawl Stone Soup version 0.29-a0-598-gd8304a5bf4 (webtiles) character file.

Game seed: 4742208721595550249

33 nrs142 the Slasher (level 3, 0/1 (33) HPs)
             Began as a Minotaur Monk on June 15, 2022.
             Was a Follower of Uskayaw.
             Slain by a hobgoblin (1 damage)
             ... on level 2 of the Dungeon.
             The game lasted 00:03:38 (1985 turns).

nrs142 the Slasher (Minotaur Monk)                  Turns: 1985, Time: 00:03:38

HP:   0/1 (33)      AC:  2    Str: 17    XL:     3   Next: 12%
MP:   2/2           EV: 13    Int:  7    God:    Uskayaw [*.....]
Gold: 5             SH:  0    Dex: 12    Spells: 2/2 levels left

rFire   . . .      SeeInvis .   a - +0 falchion
rCold   . . .      Faith    .   (no shield)
rNeg    . . .      Spirit   .   b - +0 robe
rPois   .          Reflect  .   (helmet restricted)
rElec   .          Harm     .   (no cloak)
rCorr   .          Rampage  .   (no gloves)
Will    .....                   (no boots)
Stlth   ++........              (no amulet)
HPRegen 0.01/turn               (no ring)
MPRegen 0.08/turn               (no ring)

@: extremely drained
A: horns 2, retaliatory headbutt
a: Renounce Religion, Stomp


You were on level 2 of the Dungeon.
You worshipped Uskayaw.
Uskayaw was noncommittal.
You visited 1 branch of the dungeon, and saw 2 of its levels.

You collected 77 gold pieces.
You spent 72 gold pieces at shops.

Inventory:

Hand Weapons
 a - a +0 falchion (weapon)
Armour
 b - a +0 robe (worn)
Scrolls
 e - 3 scrolls of fog {unknown}
 g - a scroll of brand weapon {unknown}
 j - 2 scrolls of identify {unknown}
 k - a scroll of immolation {unknown}
 l - a scroll of vulnerability {unknown}
 m - a scroll of teleportation {unknown}
Potions
 c - a potion of ambrosia
 d - 2 potions of brilliance {unknown}
 f - 2 potions of invisibility {unknown}
 h - a potion of magic {unknown}
 i - 2 potions of flight


   Skills:
 + Level 4.0 Fighting
 + Level 4.1 Long Blades
 + Level 3.6 Dodging
 + Level 2.1 Stealth


You had 2 spell levels left.
You didn't know any spells.
Your spell library was empty.

Dungeon Overview and Level Annotations

Branches:
Dungeon (2/15) You are so drained that the power of Zot will kill you!

Altars:
Uskayaw

Shops:
D:2 ![


Innate Abilities, Weirdness & Mutations

You have a pair of horns on your head.
You reflexively headbutt those who attack you in melee.


Message History

You feel drained.
You feel drained.
You feel drained.
You feel drained.
You feel drained.
You feel drained.
You feel drained.
You feel drained.
You feel drained.
You feel drained.
You feel drained.
You feel drained.
You feel drained.
You feel drained.
You feel drained.
You feel drained.
You feel drained.
You feel drained.
You feel drained.
You feel drained.
You feel drained.
You feel drained.
You feel drained.
You feel drained.
You are being drained by your emergency flight!
You feel drained.
You feel drained.
You feel drained.
You float gracefully downwards.
Why would you want to do that?
You see here 3 poisoned darts.
A hobgoblin comes into view.
The hobgoblin shouts!
You see here 7 gold pieces.
The hobgoblin barely misses you. You furiously retaliate!
You headbutt the hobgoblin. The hobgoblin misses you. The hobgoblin hits you.
Ouch! That really hurt!
You die...

#.#####......###
##.##.#............##.
...#.######.......##.
.....# #.##..#.... ....
#.##..####. ...
#.##..####. #.#
#.......##.
#g######.......###
###@................
#.....................
#....#######..........
#....#................
#.....#............(..†
#.....#................
#.....#........#####...
#.....########## #...
#..#


You could see a hobgoblin.

Vanquished Creatures
  A dart slug (D:1)
  2 endoplasms
  3 giant cockroaches
  A goblin (D:2)
  A hobgoblin (D:2)
  3 jackals (D:1)
  2 kobolds (D:1)
  5 quokkas
  2 ball pythons (D:1)
  2 bats
  2 frilled lizards (D:1)
  4 rats
28 creatures vanquished.

Notes
Turn   | Place    | Note
-------+----------+-------------------------------------------
     0 | D:1      | nrs142 the Minotaur Monk began the quest for the Orb.
     0 | D:1      | Reached XP level 1. HP: 19/19 MP: 0/0
   699 | D:1      | Reached XP level 2. HP: 24/27 MP: 1/1
   753 | D:1      | Found a faded altar of an unknown god.
   774 | D:1      | Prayed at the altar of an unknown god.
   774 | D:1      | Became a worshipper of Uskayaw the Reveller
   774 | D:1      | Reached * piety under Uskayaw
   774 | D:1      | Reached ** piety under Uskayaw
  1507 | D:2      | Found Kiydousk's Armour Emporium.
  1823 | D:2      | Reached XP level 3. HP: 32/33 MP: 2/2
  1861 | D:2      | Found Vojoarghaum's Distillery.
  1870 | D:2      | Bought 2 potions of flight for 72 gold pieces
  1985 | D:2      | Slain by a hobgoblin

Illustrated notes

Levels and vault maps discovered:
D:1:      minmay_arrival_doors, layout_basic, chequers_ecumenical_altar_twisty
D:2:      layout_basic, serial_shops, nicolae_shop_window_shopping,
          nicolae_lakefront_shop, shop, nicolae_shop_waterfront, shop,
          basic_altar, minmay_shallow_snake_nest

Skill      XL: |  1  2 |
---------------+-------+-----
Stealth        | 2 |  2.1
Fighting       | 4 |  4.0
Long Blades    | 4 |  4.1
Dodging        | |  3.6

Action                   || total
-------------------------++-------
Melee: Falchion          ||    51
       Headbutt          ||     8
  Use: Potion            ||     1
 Stab: Sleeping          ||     1
Armor: Robe              ||     9
Dodge: Dodged            ||    54

Table legend: (Time is in decaauts)
 A = Elapsed time spent in this place.
 B = Non-inter-level travel time spent in this place.
 C = Inter-level travel time spent in this place.
 D = Time resting spent in this place.
 E = Time spent auto-exploring this place.
 F = Levels seen in this place.
 G = Mean time per level.
                   A        B        C        D        E       F      G
               +--------+--------+--------+--------+--------+-----+--------+
         Total |   1990 |   1938 |     52 |     35 |   1613 |   2 |  995.0 |
       Dungeon |   1990 |   1938 |     52 |     35 |   1613 |   2 |  995.0 |
               +--------+--------+--------+--------+--------+-----+--------+

Top non-repeatable levels by time:
     D:1: 1480 daAuts
     D:2: 510 daAuts
